 Dungeon Crawl Stone Soup version 0.18.1-50-g88ac8fd (webtiles) character file.

1288 ololoev the Magician (level 8, 0/41 HPs)
             Began as a Deep Elf Fire Elementalist on Dec 5, 2016.
             Was a Follower of Sif Muna.
             Killed from afar by an orc wizard (8 damage)
             ... with a magic dart
             ... on level 7 of the Dungeon.
             The game lasted 00:21:21 (2379 turns).

ololoev the Magician (Deep Elf Fire Elementalist)   Turns: 2379, Time: 00:21:22

Health: 0/41       AC:  8    Str:  5    XL:     8   Next: 30%
Magic:  5/21       EV: 12    Int: 23    God:    Sif Muna [*.....]
Gold:   10         SH:  0    Dex: 15    Spells: 5 memorised, 6 levels left

rFire  . . .     SeeInvis .     (no weapon)
rCold  . . .     Gourm    .     E - +0 robe {rN+}
rNeg   + . .     Faith    .     (no shield)
rPois  .         Spirit   .     C - +1 helmet
rElec  .         Dismiss  .     q - +0 cloak
rCorr  .         Reflect  .     (no gloves)
SustAt .         Harm     .     w - +2 pair of boots
MR     .....                    (no amulet)
Stlth  ++........               (no ring)
                                (no ring)

@: drained, not resistant to hostile enchantments, unstealthy
A: no striking features
a: Channel Energy, Renounce Religion

Inventory:

Armour
 q - a +0 cloak (worn)
 w - a +2 pair of boots (worn)
 C - a +1 helmet (worn)
 E - a +0 robe of positive energy (worn)
Wands
 m - a wand of slowing (17/48)
Scrolls
 d - 3 scrolls of immolation
 j - a scroll of recharging {unknown}
 l - a scroll of enchant weapon
 o - 2 scrolls of remove curse
 p - 3 scrolls of teleportation
 s - a scroll of random uselessness {unknown}
 t - 3 scrolls of amnesia
 v - a scroll of fear
 y - 2 scrolls of blinking {unknown}
Potions
 e - 3 potions of magic
 f - a potion of agility {unknown}
 g - a potion of brilliance {unknown}
 h - 3 potions of lignification
 i - a potion of degeneration {unknown}
 k - a potion of haste {unknown}
 r - 4 potions of curing
 B - 2 potions of might
Books
 b - a book of Flames

   Spells                             Type                      Level
   a - Flame Tongue                   Conjuration/Fire             1
   b - Throw Flame                    Conjuration/Fire             2
   c - Conjure Flame                  Conjuration/Fire             3
   d - Inner Flame                    Hexes/Fire                   3
   e - Sticky Flame                   Conjuration/Fire             4
   f - Fireball                       Conjuration/Fire             5
Comestibles
 a - a chunk of flesh
 c - 5 bread rations
 n - a slice of pizza
 u - 10 fruits
 x - 2 meat rations


   Skills:
 - Level 2.4(2.2) Dodging
 - Level 2.4(2.2) Stealth
 + Level 7.7(7.5) Spellcasting
 + Level 5.6(5.4) Conjurations
 + Level 6.5(6.3) Fire Magic
 * Level 4.5(4.4) Invocations


You had 6 spell levels left.
You knew the following spells:

 Your Spells              Type           Power        Failure   Level  Hunger
a - Flame Tongue          Conj/Fire      #####        1%          1    None
b - Conjure Flame         Conj/Fire      #####...     1%          3    None
c - Sticky Flame          Conj/Fire      #####...     10%         4    ###....
d - Fireball              Conj/Fire      #####.....   21%         5    #####..
e - Inner Flame           Hex/Fire       ###.....     8%          3    None


You were on level 7 of the Dungeon.
You worshipped Sif Muna.
Sif Muna was aware of your devotion.
You were near starving.

You visited 1 branch of the dungeon, and saw 7 of its levels.

You collected 154 gold pieces.
You spent 144 gold pieces at shops.

#...# ### ###.# .. ... #.#
#.# #.# #.# .. #.# #.#
####.## #.# #.# ...... #.#
#.#
#####+###..######.######.#
.........#.z§..@.........#
.[.......#.o#####.########
...o.....#..# #(#
........)#(.# #.#
.......()(..## #.#
..%...oo.##(÷# #.#
###.z..#####)## #.# #....
#..# #.# ...... ##§#

Notes
Turn   | Place    | Note
--------------------------------------------------------------
     0 | D:1      | ololoev the Deep Elf Fire Elementalist began the quest for the Orb.
     0 | D:1      | Reached XP level 1. HP: 10/10 MP: 6/6
    59 | D:1      | ReniFell: kogda tol'ko umirat' uspevaesh!
    71 | D:1      | ReniFell: ne usledit'...
    85 | D:1      | ololoev: ya bistriy
   116 | D:1      | ReniFell: ;)
   120 | D:1      | ololoev: speedrun je
   120 | D:1      | ololoev: nado bistro vse dela
   120 | D:1      | ololoev: *delat
   136 | D:1      | ReniFell: :D:D:D
   155 | D:1      | Reached XP level 2. HP: 15/15 MP: 5/8
   200 | D:2      | Noticed a moth of wrath
   206 | D:2      | Found a bloodstained altar of Trog.
   233 | D:2      | ReniFell: lul 4 chervyaka
   234 | D:2      | ololoev: ??ghost mot@
   234 | D:2      | beem: ghost mot@ ~ ghost moth[1/4]: Fast, invisible, poison-resistant moth which gazes at you to drain MP and attacks you to drain stats and inflict poison. Found in Zot and in spider zig levels. They can also appear in the Spider's Nest, especially the last level.
   234 | D:2      | ololoev: @??ghost moth
   234 | D:2      | beem: ghost moth (y)
                  | Spd:
    12 | HD: 13   | HP: 58-87
                  | AC/EV: 8/10
                  | Dam: 18(drain stat), 18(drain stat), 12(strong poison:47-84)
                  | fly
                  | Res: magic(100), cold, poison
                  | Chunks: mutagenic
                  | XP: 1684
                  | Sp: draining gaze [!sil]
                  | Sz: Large
                  | Int: animal.
   234 | D:2      | ReniFell: eto je ne ghost
   234 | D:2      | ololoev: XP 1684
   234 | D:2      | ololoev: chert
   234 | D:2      | ReniFell: @?moth of wrath
   234 | D:2      | ololoev: @??moth of wrath
   234 | D:2      | beem: moth of wrath (y)
                  | Spd:
    12 | HD: 9    | HP: 40-58
                  | AC/EV: 0/10
                  | Dam: 25(rage)
                  | fly
                  | Res: magic(40)
                  | XP: 501
                  | Sp: berserk other [!AM, !sil]
                  | Sz: small
                  | Int: animal.
   234 | D:2      | ololoev: XP 501!!!
   234 | D:2      | ReniFell: BEM DA TY OHUEL
   234 | D:2      | ololoev: halyava!
   234 | D:2      | ololoev: ya pomnu reshil halyavu rubit
   234 | D:2      | ololoev: s etogo altarya
   234 | D:2      | ololoev: i pomer
   234 | D:2      | ololoev: lol
   236 | D:2      | ReniFell: tak vsegda
   236 | D:2      | ReniFell: tak-to ona slabaya
   242 | D:2      | ReniFell: ??flame tongue
   255 | D:2      | ReniFell: da nu nahui
   258 | D:2      | ReniFell: bem
   268 | D:2      | ReniFell: mamku yebal
   300 | D:2      | Reached skill level 4 in Spellcasting
   319 | D:2      | Reached XP level 3. HP: 19/19 MP: 0/10
   324 | D:2      | Learned a level 3 spell: Conjure Flame
   650 | D:2      | Found a stormy altar of Qazlal.
   879 | D:3      | Found a burning altar of Makhleb.
   893 | D:3      | Reached XP level 4. HP: 24/24 MP: 8/12
   909 | D:3      | Learned a level 4 spell: Sticky Flame
   953 | D:4      | Noticed an ogre
   967 | D:4      | Killed an ogre
   967 | D:4      | Reached skill level 5 in Spellcasting
   967 | D:4      | Reached XP level 5. HP: 28/28 MP: 4/14
  1006 | D:4      | bear: kto ripnul?
  1011 | D:4      | ololoev: vyvern
  1082 | D:4      | Learned a level 5 spell: Fireball
  1092 | D:4      | bear: a v Helle tejelo?
  1099 | D:4      | ololoev: dovolno da
  1099 | D:4      | ololoev: tam torment razniy
  1099 | D:4      | ololoev: s TSO tam legko
  1105 | D:4      | Found a snail-covered altar of Cheibriados.
  1168 | D:4      | Found Qoutuir's Antique Weapon Shop.
  1245 | D:5      | Entered Level 5 of the Dungeon
  1336 | D:4      | Reached XP level 6. HP: 30/32 MP: 12/16
  1337 | D:4      | Noticed Robin
  1344 | D:4      | Killed Robin
  1389 | D:4      | Reached skill level 5 in Fire Magic
  1421 | D:4      | Found an opulent altar of Gozag.
  1538 | D:5      | Reached skill level 6 in Spellcasting
  1645 | D:5      | Noticed an ice beast
  1652 | D:5      | Killed an ice beast
  1695 | D:5      | Found a deep blue altar of Sif Muna.
  1698 | D:5      | Became a worshipper of Sif Muna the Loreminder
  1756 | D:5      | Learned a level 3 spell: Inner Flame
  1819 | D:6      | Reached XP level 7. HP: 31/36 MP: 3/18
  1899 | D:6      | Reached skill level 1 in Invocations
  2042 | D:6      | Reached skill level 7 in Spellcasting
  2043 | D:6      | Found Geor's General Store.
  2056 | D:6      | Bought a potion of curing for 36 gold pieces
  2056 | D:6      | Bought a potion of might for 48 gold pieces
  2056 | D:6      | Bought a potion of lignification for 36 gold pieces
  2063 | D:6      | Bought a scroll of identify for 24 gold pieces
  2185 | D:6      | Reached skill level 5 in Conjurations
  2251 | D:6      | Reached * piety under Sif Muna
  2328 | D:7      | bear: ppc
  2328 | D:7      | bear: causic shrikes menya ripnuli
  2328 | D:7      | ololoev: oni jestkie
  2330 | D:7      | Reached XP level 8. HP: 10/41 MP: 5/21
  2335 | D:7      | bear: cheto ya ih ne pomnu, ih davno vveli?
  2356 | D:7      | ololoev: s 0.18 vrode
  2379 | D:7      | Killed from afar by an orc wizard

Dungeon Overview and Level Annotations

Branches:
Dungeon (7/15)
 Temple: D:4-7

Altars:
Cheibriados
Gozag
Makhleb
Qazlal
Sif Muna
Trog

Shops:
D:4 (   D:6 *


Message History

The fireball explodes!
The fireball engulfs the iguana.
You kill the iguana!
The fireball engulfs the hound.
The hound explodes!
You hear a shout!
Unknown command.
Unknown command.
Use which ability? (? or * to list)
You channel some magical energy.
You are starving!
Use which ability? (? or * to list) You're too hungry.
Eat a chunk of flesh? (ye/n/q/i?) This raw flesh tastes terrible.
You are feeling very hungry.
You continue eating. x2
The iguana hisses angrily.
Use which ability? (? or * to list)
You fail to use your ability.
Things that are here:
a hand axe; a robe; a water moccasin corpse
Casting: Fireball
Confirm with . or Enter, or press ? or * to list all spells.
Aiming: Flame Tongue
Press: ? - help, Shift-Dir - straight line, f - iguana
Aim: an iguana The flame tongue hits the iguana.
The iguana is heavily wounded.
Casting: Flame Tongue
Confirm with . or Enter, or press ? or * to list all spells.
Aiming: Flame Tongue
Press: ? - help, Shift-Dir - straight line, f/p - iguana
Aim: an iguana (heavily wounded)
The flame tongue hits the iguana.
The iguana is severely wounded.
A wight comes into view. It is wielding a halberd.
Casting: Flame Tongue
Confirm with . or Enter, or press ? or * to list all spells.
Aiming: Flame Tongue
Press: ? - help, Shift-Dir - straight line, f/p - iguana
Aim: an iguana (severely wounded)
The flame tongue hits the iguana.
The iguana is severely wounded.
The iguana closely misses you.
The wight moves out of view.
Casting: Flame Tongue
Confirm with . or Enter, or press ? or * to list all spells.
Aiming: Flame Tongue
Press: ? - help, Shift-Dir - straight line, f/p - iguana
Aim: an iguana (severely wounded)
The flame tongue hits the iguana.
You kill the iguana!
An orc wizard comes into view. It is wielding a dagger.
You see here an iguana corpse.
You butcher the iguana corpse.
Things that are here:
a chunk of flesh; an iguana skeleton
a - a chunk of flesh The orc wizard gestures wildly while chanting.
The orc wizard seems to speed up.
The orc wizard casts a cantrip, but nothing happens.
The wight hits you from afar with a halberd!
An orc comes into view. It is wielding a flail.
The wight barely misses you.
Your magical contamination has completely faded away.
An orc priest comes into view. It is wielding a flail.
Casting: Flame Tongue
Confirm with . or Enter, or press ? or * to list all spells.
Aiming: Conjure Flame
Press: ? - help, Dir - move target cursor The fire roars!
The wight hits you from afar with a halberd.
You partially resist.
You feel drained.
Use which ability? (? or * to list)
You channel some magical energy.
You feel somewhat more hungry.
Use which ability? (? or * to list)
You channel some magical energy.
You are near starving!
The orc wizard gestures at you while chanting.
The magic dart hits you!
You die...

You could see a wight and an orc wizard.

Vanquished Creatures
  A water moccasin (D:7)
  An orc warrior (D:6)
  2 ice beasts
  An ogre (D:4)
  A centaur (D:7)
  2 giant frogs
  A wight (D:7)
  A giant frog zombie (D:5)
  A hound (D:7)
  3 orc wizards (D:6)
  An orc priest (D:6)
  2 giant frog skeletons
  3 iguanas
  2 worker ants
  A killer bee zombie (D:5)
  A howler monkey zombie (D:5)
  Robin (D:4)
  7 adders
  2 oozes (D:3)
  An adder zombie (D:4)
  3 worms
  A dart slug (D:2)
  4 giant geckos
  6 orcs
  3 bats
  6 giant cockroaches
  18 goblins
  8 hobgoblins
  7 jackals
  A quokka (D:4)
  A ball python (D:2)
  A giant gecko skeleton (D:4)
  5 giant newts
  A jackal zombie (D:6)
  6 rats
106 creatures vanquished.

Action                   |  1- 3 |  4- 6 |  7- 9 || total
-------------------------+-------+-------+-------++-------
 Fire: Hunting sling     |       |    24 |     6 ||    30
 Cast: Flame Tongue      |    76 |    62 |    30 ||   168
       Conjure Flame     |       |     5 |     8 ||    13
       Sticky Flame      |       |     5 |     5 ||    10
       Fireball          |       |       |     4 ||     4
       Inner Flame       |       |       |     3 ||     3
Invok: Channel Energy    |       |       |    18 ||    18
Evoke: Wand              |       |       |     3 ||     3
  Use: Scroll            |       |       |     7 ||     7
       Potion            |       |       |     1 ||     1
  Eat: Chunk             |       |     4 |     5 ||     9
Armor: Robe              |     8 |     8 |     9 ||    25
Dodge: Dodged            |    28 |    26 |    25 ||    79

Vault maps used:
D:1:      minmay_arrival_jagged
D:2:      tgw_trog, nicolae_overflow_hidden_temple
D:3:      lemuel_crystal_altar, first_bread
D:4:      kennysheep_mini, serial_shops, nicolae_shop_crystal,
          chei_slow_surprise, uniq_robin
D:5:      lemuel_doored_altar
D:6:      minmay_temple_entry_junction, serial_shops, shop,
          kennysheep_another_room
D:7:      lemuel_crystal_altar, kennysheep_mini_moat, uniq_duvessa,
          uniq_prince_ribbit1
